3L
TOLEDO STINGERS @ HOUSTON 1837 BBC
09/21/2028
 
TOP OF THE 1ST
Toledo Stingers batting - Pitching for Houston 1837 BBC : RHP Marvin Martin
Pitching: RHP Marvin Martin
Batting: LHB Locke Lamora 0-0: Swinging Strike
0-1: Called Strike
0-2: Ball
1-2: Foul Ball, location: 2F
1-2: Ball
2-2: Foul Ball, location: 2F
2-2: Ball
3-2: Strikes out swinging
Batting: RHB Juan Ramos 0-0: Ball
1-0: Ground out 5-3 (Groundball, 56S)
Batting: RHB Alfredo Martínez 0-0: Ball
1-0: Called Strike
1-1: Swinging Strike
1-2: Foul Ball, location: 2F
1-2: Foul Ball, location: 2F
1-2: Foul Ball, location: 2F
1-2: Ball
2-2: Fly out, F8 (Flyball, 8RD)
Top of the 1st over - 0 run(s), 0 hit(s), 0 error(s), 0 left on base; Toledo 0 - Houston 0
BOTTOM OF THE 1ST
Houston 1837 BBC batting - Pitching for Toledo Stingers : RHP Francis McBride
Pitching: RHP Francis McBride
Batting: LHB Damian Delaney 0-0: Foul Ball, location: 2F
0-1: Ball
1-1: Ball
2-1: Ball
3-1: Ground out 1-3 (Groundball, 13S)
Batting: LHB José Marín 0-0: Foul Ball, location: 2F
0-1: Ball
1-1: Ground out U3 (Groundball, 3)
Batting: RHB Bob Dickerson 0-0: Swinging Strike
0-1: Called Strike
0-2: Ball
1-2: Ball
2-2: Fly out, F3 (Popup, 3L)
Bottom of the 1st over - 0 run(s), 0 hit(s), 0 error(s), 0 left on base; Toledo 0 - Houston 0
TOP OF THE 2ND
Toledo Stingers batting - Pitching for Houston 1837 BBC : RHP Marvin Martin
Batting: SHB Leonard O'Connor 0-0: Fly out, F9 (Flyball, 89D)
Batting: RHB Hugo Rampley 0-0: Ball
1-0: Foul Ball, location: 2F
1-1: Ball
2-1: Ground out 6-3 (Groundball, 6)
Batting: LHB Jorge Flores 0-0: Ball
1-0: Fly out, F8 (Flyball, 8LM)
Top of the 2nd over - 0 run(s), 0 hit(s), 0 error(s), 0 left on base; Toledo 0 - Houston 0
BOTTOM OF THE 2ND
Houston 1837 BBC batting - Pitching for Toledo Stingers : RHP Francis McBride
Batting: LHB Guillermo Arellano 0-0: Ball
1-0: Foul Ball, location: 2F
1-1: Ball
2-1: SINGLE (Line Drive, 6MD)
Batting: SHB Galtero Suárez 0-0: Ball
1-0: Fly out, F4 (Popup, 4MD)
Batting: LHB Scott Kerin 0-0: Called Strike
0-1: DOUBLE (Line Drive, 5D)
Guillermo Arellano to third
Batting: SHB Jason Alexander 0-0: Ball
1-0: Called Strike
1-1: Fly out, F9 (Line Drive, 9S)
Batting: RHB David Gómez 0-0: Ball
1-0: Ball
2-0: Ball
3-0: Base on Balls
Batting: LHB Mark McClear 0-0: Swinging Strike
0-1: Ball
1-1: Called Strike
1-2: Ground out U3 (Groundball, 3L)
Bottom of the 2nd over - 0 run(s), 2 hit(s), 0 error(s), 3 left on base; Toledo 0 - Houston 0
TOP OF THE 3RD
Toledo Stingers batting - Pitching for Houston 1837 BBC : RHP Marvin Martin
Batting: RHB Francis Kelly 0-0: SINGLE (Line Drive, 6MD)
Batting: RHB Victor Haley 0-0: Grounds into double play, 4-6-3 (Groundball, 4)
Batting: RHB Isaac Downey 0-0: Called Strike
0-1: Fly out, F9 (Flyball, 9LS)
Top of the 3rd over - 0 run(s), 1 hit(s), 0 error(s), 0 left on base; Toledo 0 - Houston 0
BOTTOM OF THE 3RD
Houston 1837 BBC batting - Pitching for Toledo Stingers : RHP Francis McBride
Batting: LHB Damian Delaney 0-0: Ball
1-0: Ball
2-0: Ball
3-0: Called Strike
3-1: Base on Balls
Batting: LHB José Marín 0-0: Ball
1-0: Ground out 4-3 (Groundball, 4MS)
Damian Delaney to second
Batting: RHB Bob Dickerson 0-0: Ball
1-0: Ball
Damian Delaney steals 3rd base
2-0: Foul Ball, location: 2F
2-1: Foul Ball, location: 2F
2-2: Foul Ball, location: 2F
2-2: Foul Ball, location: 2F
2-2: Foul Ball, location: 2F
2-2: Fly out, F8 (Flyball, 8RXD)
Runner from 3rd tags up, SCORES, no throw
Batting: LHB Guillermo Arellano 0-0: Called Strike
0-1: Ground out 3-1 (Groundball, 34S)
Bottom of the 3rd over - 1 run(s), 0 hit(s), 0 error(s), 0 left on base; Toledo 0 - Houston 1
TOP OF THE 4TH
Toledo Stingers batting - Pitching for Houston 1837 BBC : RHP Marvin Martin
Batting: LHB Locke Lamora 0-0: Ball
1-0: Ground out 3-1 (Groundball, 34)
Batting: RHB Juan Ramos 0-0: Ball
1-0: Foul Ball, location: 2F
1-1: Ball
2-1: Bunt for hit - play at first, batter OUT! 2-3
Batting: RHB Alfredo Martínez 0-0: Ball
1-0: Fly out, F8 (Flyball, 8LD)
Top of the 4th over - 0 run(s), 0 hit(s), 0 error(s), 0 left on base; Toledo 0 - Houston 1
BOTTOM OF THE 4TH
Houston 1837 BBC batting - Pitching for Toledo Stingers : RHP Francis McBride
Batting: SHB Galtero Suárez 0-0: Ball
1-0: Called Strike
1-1: Swinging Strike
1-2: DOUBLE (Line Drive, 89XD)
Batting: LHB Scott Kerin 0-0: Foul Ball, location: 2F
0-1: Ball
1-1: Foul Ball, location: 2F
1-2: Ground out U3 (Groundball, 3S)
Galtero Suárez to third
Batting: SHB Jason Alexander 0-0: Ball
Wild Pitch!
Galtero Suárez scores
1-0: Called Strike
1-1: Ball
2-1: Swinging Strike
2-2: Ball
3-2: Fly out, F7 (Flyball, 7D)
Batting: RHB David Gómez 0-0: Called Strike
0-1: DOUBLE (Groundball, 3L)
Batting: LHB Mark McClear 0-0: Ground out U3 (Groundball, 34)
Bottom of the 4th over - 1 run(s), 2 hit(s), 0 error(s), 1 left on base; Toledo 0 - Houston 2
TOP OF THE 5TH
Toledo Stingers batting - Pitching for Houston 1837 BBC : RHP Marvin Martin
Batting: SHB Leonard O'Connor 0-0: Called Strike
0-1: Foul Ball, location: 2F
0-2: Ball
1-2: Ball
2-2: Foul Ball, location: 2F
2-2: SINGLE (Groundball, 4MD)
Batting: RHB Hugo Rampley 0-0: Ball
1-0: SINGLE (Groundball, 56D)
Leonard O'Connor to second
Batting: LHB Jorge Flores 0-0: Ball
1-0: Ball
2-0: Bunted foul
2-1: Sac Bunt - play at third, runner OUT! 1-6
Hugo Rampley to second
Batting: RHB Francis Kelly 0-0: Ball
1-0: Ball
2-0: Called Strike
2-1: Foul Ball, location: 2F
2-2: Ball
3-2: Foul Ball, location: 2F
3-2: Fielders Choice at 2nd, 6-4 (Groundball, 56)
Hugo Rampley to third
Batting: RHB Victor Haley 0-0: Ball
1-0: Foul Ball, location: 2F
1-1: Foul Ball, location: 2F
Balk!
Hugo Rampley scores
Francis Kelly to second
1-2: Strikes out swinging
Top of the 5th over - 1 run(s), 2 hit(s), 0 error(s), 1 left on base; Toledo 1 - Houston 2
BOTTOM OF THE 5TH
Houston 1837 BBC batting - Pitching for Toledo Stingers : RHP Francis McBride
Batting: LHB Damian Delaney 0-0: Ball
1-0: Foul Ball, location: 2F
1-1: Ball
2-1: Ball
3-1: Base on Balls
Batting: LHB José Marín 0-0: Called Strike
Damian Delaney steals 2nd base
0-1: Ball
1-1: Sac Bunt - play at first, batter OUT! 6-3
Damian Delaney to third
Batting: RHB Bob Dickerson 0-0: Foul Ball, location: 2F
0-1: Called Strike
0-2: Foul Ball, location: 2F
0-2: Strikes out swinging
Batting: LHB Guillermo Arellano 0-0: Foul Ball, location: 2F
0-1: Ball
1-1: Called Strike
1-2: Ball
2-2: Fly out, F8 (Line Drive, 89D)
Bottom of the 5th over - 0 run(s), 0 hit(s), 0 error(s), 1 left on base; Toledo 1 - Houston 2
TOP OF THE 6TH
Toledo Stingers batting - Pitching for Houston 1837 BBC : RHP Marvin Martin
Batting: RHB Isaac Downey 0-0: Called Strike
0-1: SINGLE (Line Drive, 6D)
Batting: LHB Locke Lamora 0-0: Sac Bunt - play at first, batter OUT! 2-3
Isaac Downey to second
Batting: RHB Juan Ramos 0-0: Ball
1-0: Fly out, F7 (Flyball, 78S)
Batting: RHB Alfredo Martínez 0-0: Swinging Strike
0-1: Ball
1-1: SINGLE (Flyball, 89S)
Isaac Downey to third
Runner from 3rd tries for Home, SAFE, no throw
Batting: SHB Leonard O'Connor 0-0: Ball
1-0: Ball
2-0: Swinging Strike
2-1: Ground out 1-3 (Groundball, 15S)
Top of the 6th over - 1 run(s), 2 hit(s), 0 error(s), 1 left on base; Toledo 2 - Houston 2
BOTTOM OF THE 6TH
Houston 1837 BBC batting - Pitching for Toledo Stingers : RHP Francis McBride
Batting: SHB Galtero Suárez 0-0: Called Strike
0-1: Ball
1-1: Ball
2-1: Ball
3-1: Swinging Strike
3-2: Ground out 4-3 (Groundball, 4)
Batting: LHB Scott Kerin 0-0: Ground out 4-3 (Groundball, 4S)
Batting: SHB Jason Alexander 0-0: Ball
1-0: Ball
2-0: Ball
3-0: Ground out 4-3 (Groundball, 4)
Bottom of the 6th over - 0 run(s), 0 hit(s), 0 error(s), 0 left on base; Toledo 2 - Houston 2
TOP OF THE 7TH
Toledo Stingers batting - Pitching for Houston 1837 BBC : RHP Marvin Martin
Batting: RHB Hugo Rampley 0-0: Foul Ball, location: 2F
0-1: Foul Ball, location: 2F
0-2: Strikes out looking
Batting: LHB Jorge Flores 0-0: Ball
1-0: Ball
2-0: Fly out, F7 (Line Drive, 78D)
Batting: RHB Francis Kelly 0-0: Fly out, F8 (Flyball, 78M)
Top of the 7th over - 0 run(s), 0 hit(s), 0 error(s), 0 left on base; Toledo 2 - Houston 2
BOTTOM OF THE 7TH
Houston 1837 BBC batting - Pitching for Toledo Stingers : RHP Francis McBride
Batting: RHB David Gómez 0-0: Called Strike
0-1: Swinging Strike
0-2: Ball
1-2: Foul Ball, location: 2F
1-2: Ball
2-2: SINGLE (Groundball, 56D)
Batting: LHB Mark McClear 0-0: Ball
1-0: Ball
David Gómez steals 2nd base
2-0: Sac Bunt - play at first, batter OUT! 1-4
David Gómez to third
Batting: LHB Damian Delaney 0-0: Called Strike
0-1: SINGLE (Groundball, 34D)
David Gómez scores
Batting: LHB José Marín 0-0: Ball
1-0: Swinging Strike
1-1: Ball
2-1: Foul Ball, location: 2F
2-2: Strikes out swinging
Throwing error on steal attempt, E2
Damian Delaney to third
Batting: RHB Bob Dickerson 0-0: Ball
1-0: Foul Ball, location: 2F
1-1: Swinging Strike
1-2: Foul Ball, location: 2F
1-2: Ball
2-2: Ball
3-2: Foul Ball, location: 2F
3-2: DOUBLE (Line Drive, 9LS)
Damian Delaney scores
Pitching: LHP José Tovar
Batting: LHB Guillermo Arellano 0-0: Ball
1-0: Foul Ball, location: 2F
1-1: Ball
2-1: Ball
3-1: Base on Balls
Batting: SHB Galtero Suárez 0-0: Swinging Strike
0-1: Ball
1-1: Fielders Choice at 2nd, 6-4 (Groundball, 6)
Bottom of the 7th over - 2 run(s), 3 hit(s), 1 error(s), 1 left on base; Toledo 2 - Houston 4
TOP OF THE 8TH
Toledo Stingers batting - Pitching for Houston 1837 BBC : RHP Marvin Martin
Batting: RHB Victor Haley 0-0: Ball
1-0: Foul Ball, location: 2F
1-1: Foul Ball, location: 2F
1-2: Strikes out looking
Batting: RHB Isaac Downey 0-0: Ball
1-0: Called Strike
1-1: SINGLE (Groundball, 4MD)
Batting: LHB Locke Lamora 0-0: Ball
1-0: Fly out, F7 (Flyball, 7S)
Batting: RHB Juan Ramos 0-0: Called Strike
0-1: Ball
1-1: Ball
2-1: SINGLE (Flyball, 78S)
Isaac Downey to second
Batting: RHB Alfredo Martínez 0-0: Ball
1-0: Ground out 5-3 (Groundball, 56S)
Top of the 8th over - 0 run(s), 2 hit(s), 0 error(s), 2 left on base; Toledo 2 - Houston 4
BOTTOM OF THE 8TH
Houston 1837 BBC batting - Pitching for Toledo Stingers : LHP José Tovar
Batting: LHB Scott Kerin 0-0: Called Strike
0-1: Ball
1-1: Ball
2-1: SINGLE (Line Drive, 8LS)
Batting: SHB Jason Alexander 0-0: Ball
1-0: Fly out, F5 (Popup, 56S)
Batting: RHB David Gómez 0-0: Foul Ball, location: 2F
0-1: Ball
1-1: Foul Ball, location: 2F
1-2: Foul Ball, location: 2F
1-2: Ball
2-2: Grounds into double play, 5-4-3 (Groundball, 56)
Bottom of the 8th over - 0 run(s), 1 hit(s), 0 error(s), 0 left on base; Toledo 2 - Houston 4
TOP OF THE 9TH
Toledo Stingers batting - Pitching for Houston 1837 BBC : RHP Marvin Martin
Batting: SHB Leonard O'Connor 0-0: Called Strike
0-1: Foul Ball, location: 2F
0-2: Ball
1-2: Fly out, F7 (Line Drive, 7D)
Batting: RHB Hugo Rampley 0-0: Ball
1-0: Ball
2-0: Called Strike
2-1: Fly out, F4 (Line Drive, 34D)
Batting: LHB Jorge Flores 0-0: Swinging Strike
0-1: Ball
1-1: Ball
2-1: Foul Ball, location: 2F
2-2: Fly out, F7 (Flyball, 7S)
Top of the 9th over - 0 run(s), 0 hit(s), 0 error(s), 0 left on base; Toledo 2 - Houston 4
Thursday, September 7th, 2017 - OOTP Baseball 17.12 Build 75